 Dungeon Crawl Stone Soup version 0.30-a0-782-ge64f9170bb (console) character file.

Game seed: 2993316280878058597

56 utis the Grave Robber (level 3, -1/21 HPs)
             Began as a Tengu Wanderer on Mar 9, 2023.
             Slain by a gnoll
             ... wielding a +0 flail
              (2 damage)
             ... on level 2 of the Dungeon.
             The game lasted 00:04:33 (2045 turns).

utis the Grave Robber (Tengu Wanderer)              Turns: 2045, Time: 00:04:34

Health: -1/21      AC:  4    Str: 10    XL:     3   Next: 95%
Magic:  1/5        EV: 11    Int: 18    God:
Gold:   57         SH:  0    Dex: 11    Spells: 2/4 levels left

rFire   . . .      SeeInvis .    u - +0 short sword
rCold   . . .      Faith    .    (no shield)
rNeg    . . .      Spirit   .    q - +0 leather armour
rPois   .          Reflect  .    (helmet restricted)
rElec   .          Harm     .    (no cloak)
rCorr   .          Rampage  .    n - +0 pair of gloves
Will    .....                    (boots unavailable)
Stlth   +                        (no amulet)
HPRegen 0.23/turn                (no ring)
MPRegen 0.09/turn                (no ring)

@: no status effects
A: beak, talons 3
a: no special abilities


You were on level 2 of the Dungeon.
You visited 1 branch of the dungeon, and saw 2 of its levels.

You collected 57 gold pieces.

Inventory:

Hand Weapons
 a - a +0 dagger
 u - a +0 short sword (weapon)
Missiles
 v - 7 poisoned darts
Armour
 c - a +0 robe
 n - a +0 pair of gloves (worn)
 q - a +0 leather armour (worn)
 t - a +0 scale mail
Magical Staves
 g - a staff of cold
Scrolls
 e - a scroll of butterflies {unknown}
 f - 5 scrolls of identify {unknown}
 i - a scroll of fear {unknown}
 k - a scroll of poison {unknown}
 l - a scroll of teleportation {unknown}
 m - 2 scrolls of enchant weapon {unknown}
 p - a scroll of blinking {unknown}
 r - 2 scrolls of enchant armour {unknown}
Potions
 b - 2 potions of invisibility
 h - a potion of cancellation {unknown}
 j - a potion of resistance {unknown}
 o - a potion of brilliance {unknown}
 s - a potion of curing {unknown}
Miscellaneous
 d - a piece from Xom's chessboard (15/15)


   Skills:
 + Level 1.7 Fighting
 - Level 1.0 Throwing
 + Level 2.4 Dodging
 - Level 1.0 Spellcasting
 + Level 4.0 Necromancy
 - Level 2.0 Poison Magic
 - Level 2.0 Evocations


You had 2 spell levels left.
You knew the following spells:

 Your Spells              Type           Power      Damage    Failure   Level
X - Kiss of Death         Conj/Necr      32%        2d7       12%         1
Y - Necrotise             Necr           60%        1d7       5%          1

Your spell library contained the following spells:

 Spells                   Type           Power      Damage    Failure   Level
 Cigotuvi's Dreadful Rot  Necr/Pois/Air  16%        N/A       19%         2
 Poisonous Vapours        Pois/Air       8%         N/A       26%         2
 Anguish                  Hex/Necr       4%         N/A       75%         4


Dungeon Overview and Level Annotations

Branches:
Dungeon (2/15)

Altars:


Innate Abilities, Weirdness & Mutations

You have a beak for a mouth.
You have claws for feet.


Message History

You are out of magic!
You see here a +0 dagger.
Things that are here:
a +0 whip; 2 stones An adder comes into view.
The gnoll hits you with a +0 flail.
The adder moves out of view.
You hit the gnoll. You claw the gnoll! Your peck misses the gnoll.
The gnoll is heavily wounded.
The gnoll barely misses you.
The adder barely resists.
The adder completely misses you.
The adder barely resists.
* * * LOW MAGIC WARNING * * *
The adder bites you.
The adder writhes in agony.
* * * LOW MAGIC WARNING * * *
The adder bites you but does no damage. The adder closely misses you.
You are out of magic!
You closely miss the adder. You claw the adder! Your peck misses the adder.
The adder is severely wounded.
The adder bites you but does no damage.
You closely miss the adder. You peck the adder.
You kill the adder!
Your Necromancy skill increases to level 4!
You hit the gnoll. Your kick misses the gnoll.
The gnoll is heavily wounded.
The gnoll closely misses you. The gnoll attacks as you move away!
The gnoll hits you with a +0 flail!
You hit the gnoll. Your kick misses the gnoll.
The gnoll is heavily wounded.
The gnoll closely misses you. The gnoll hits you but does no damage.
You hit the gnoll but do no damage. Your kick misses the gnoll.
The gnoll is heavily wounded.
The gnoll hits you with a +0 whip.
* * * LOW HITPOINT WARNING * * *
The gnoll hits you with a +0 flail.
* * * LOW HITPOINT WARNING * * *
You hit the gnoll. Your kick misses the gnoll. Your peck misses the gnoll.
The gnoll is severely wounded.
The gnoll completely misses you. The gnoll hits you with a +0 flail.
You die...

░. .░.░....░ ░...░░.░ ░.░
.. ..░.░░.░ ░.g░░░.░░ ░.░
░.░.░<░░.░ ░...)...░ ░.░
░.░...░░░░.░ ░...░░░░░ ░..
░........░.░░░...░░░░░░░░░░
░░░░......))..........➘....
.....░░░.░.░░░.░░░░░░░░░░░░
░░░░░ ░g░g░ ░.............
░.░Q░ ░░░░░░░░░░░░░░ ░.░g░░
░...... ░..g.░ ░.░░░.░
░░░░░░ ░.░░░.░ ░.....░
░░░░░░░


You could see 3 gnolls.

Vanquished Creatures
  A gnoll (D:2)
  An adder (D:2)
  A dart slug (D:2)
  4 ball pythons (D:1)
  5 bats
  3 endoplasms (D:1)
  2 giant cockroaches
  5 hobgoblins (D:1)
  A quokka (D:2)
  2 frilled lizards (D:1)
  4 goblins
  4 kobolds
33 creatures vanquished.

Notes
Turn   | Place    | Note
-------+----------+-------------------------------------------
     0 | D:1      | utis the Tengu Wanderer began the quest for the Orb.
     0 | D:1      | utis set off with the following items: a +0 dagger, a
                  | potion of invisibility, a +0 robe, a piece from Xom's
                  | chessboard (15/15); and the following spells available to
                  | memorise: Necrotise, Kiss of Death, Cigotuvi's Dreadful
                  | Rot, Poisonous Vapours, Anguish.
     0 | D:1      | Reached XP level 1. HP: 10/10 MP: 3/3
     2 | D:1      | Learned a level 1 spell: Necrotise
     4 | D:1      | Learned a level 1 spell: Kiss of Death
   298 | D:1      | Reached XP level 2. HP: 16/16 MP: 2/4
   684 | D:1      | Reached skill level 1 in Fighting
  1081 | D:1      | Reached XP level 3. HP: 18/20 MP: 2/5
  2038 | D:2      | Reached skill level 4 in Necromancy
  2044 | D:2      | HP: 1/21 [gnoll/+0 flail (5)]
  2045 | D:2      | Slain by a gnoll

Illustrated notes

Levels and vault maps discovered:
D:1:      minmay_arrival_jagged, layout_loops_ring
D:2:      layout_basic, uniq_jessica

Skill      XL: |  1  2  3 |
---------------+----------+-----
Fighting       | 1 |  1.7
Dodging        | 2 |  2.4
Necromancy     | 4 |  4.0
Throwing       | |  1.0
Spellcasting   | |  1.0
Poison Magic   | |  2.0
Evocations     | |  2.0

Action                     || total
---------------------------++-------
  Melee: Dagger            ||     9
         Kick              ||     6
         Peck              ||     4
         Short sword       ||    12
   Cast: Necrotise         ||    67
 Armour: Robe              ||     1
         Leather armour    ||     7
  Dodge: Dodged            ||    28

Table legend: (Time is in decaauts)
 A = Elapsed time spent in this place.
 B = Non-inter-level travel time spent in this place.
 C = Inter-level travel time spent in this place.
 D = Time resting spent in this place.
 E = Time spent auto-exploring this place.
 F = Levels seen in this place.
 G = Mean time per level.
                   A        B        C        D        E       F      G
               +--------+--------+--------+--------+--------+-----+--------+
         Total |   2044 |   1922 |    122 |    516 |   1095 |   2 | 1022.0 |
       Dungeon |   2044 |   1922 |    122 |    516 |   1095 |   2 | 1022.0 |
               +--------+--------+--------+--------+--------+-----+--------+

Top non-repeatable levels by time:
     D:1: 1344 daAuts
     D:2: 699 daAuts
